1919 views
Uploaded 2023-10-17 00:33:38
Game version 1.36 (6115)
30:08 long 2on2 ladder game on (4)ShatteredExile_S2_v2.4
Saved by GIGA
1919 views
Uploaded 2023-10-17 00:33:38
Game version 1.36 (6115)
30:08 long 2on2 ladder game on (4)ShatteredExile_S2_v2.4


68 units @ 7.8k
/ 1.3k
85 buildings @ 6.4k
/ 2.9k
GIGA
(207)
(30:04) : 

| Dust of Appearance | 1 | 75 |
| Boots of Speed | 1 | 250 |
| total: | 2 | 325g |
| Peasant | 11 | 825 | / | 0 |
| Footman | 5 | 675 | / | 0 |
| Mortar Team | 5 | 900 | / | 350 |
| Dragonhawk Rider | 3 | 600 | / | 90 |
| Forest Troll High Priest | 1 | 305 | / | 40 |
| total: | 25 | 3305g | / | 480w |
| Scout Tower | 20 | 600 | / | 400 |
| Arcane Tower | 3 | 210 | / | 150 |
| Guard Tower | 10 | 700 | / | 500 |
| Altar of Kings | 1 | 180 | / | 50 |
| Farm | 9 | 720 | / | 180 |
| Barracks | 1 | 160 | / | 60 |
| Lumber Mill | 1 | 120 | / | 0 |
| Blacksmith | 1 | 140 | / | 60 |
| Arcane Vault | 1 | 130 | / | 30 |
| Workshop | 1 | 140 | / | 140 |
| Gryphon Aviary | 1 | 140 | / | 150 |
| Keep | 1 | 320 | / | 210 |
| Castle | 1 | 360 | / | 210 |
| total: | 36 | 2330g | / | 1070w |
| 0:02 | Peasant |
| 0:02 | Peasant |
| 0:07 | Altar of Kings |
| 0:11 | Farm |
| 0:16 | Peasant |
| 0:27 | Barracks |
| 0:38 | Peasant |
| 0:51 | Farm |
| 1:04 | Peasant |
| 1:09 | Lumber Mill |
| 1:18 | Peasant |
| 1:29 | Footman |
| 1:47 | Peasant |
| 1:51 | Scout Tower |
| 1:59 | Footman |
| 2:02 | Peasant |
| 2:12 | Storm Bolt |
| 2:18 | Arcane Tower |
| 2:26 | Footman |
| 2:30 | Farm |
| 2:33 | Farm |
| 2:54 | Peasant |
| 2:54 | Peasant |
| 3:19 | Footman |
| 3:21 | Scout Tower |
| 3:22 | Peasant |
| 3:24 | Improved Lumber Harvesting |
| 3:51 | Guard Tower |
| 3:55 | Scout Tower |
| 3:57 | Keep |
| 4:31 | Footman |
| 4:32 | Guard Tower |
| 4:34 | Scout Tower |
| 4:36 | Improved Masonry |
| 4:49 | Scout Tower |
| 4:51 | Scout Tower |
| 4:53 | Scout Tower |
| 4:54 | Scout Tower |
| 4:59 | Farm |
| 5:31 | Scout Tower |
| 5:32 | Scout Tower |
| 6:01 | Guard Tower |
| 6:03 | Arcane Tower |
| 6:06 | Scout Tower |
| 6:07 | Scout Tower |
| 6:09 | Guard Tower |
| 6:14 | Farm |
| 6:22 | Advanced Masonry |
| 6:29 | Bash |
| 6:35 | Arcane Tower |
| 6:36 | Guard Tower |
| 6:39 | Scout Tower |
| 6:40 | Scout Tower |
| 6:56 | Blacksmith |
| 7:11 | Guard Tower |
| 7:15 | Guard Tower |
| 7:18 | Scout Tower |
| 7:39 | Boots of Speed |
| 7:52 | Dust of Appearance |
| 8:10 | Workshop |
| 8:12 | Scout Tower |
| 8:13 | Scout Tower |
| 8:14 | Guard Tower |
| 8:47 | Holy Light |
| 9:05 | Storm Bolt |
| 9:10 | Forest Troll High Priest |
| 9:31 | Guard Tower |
| 9:33 | Scout Tower |
| 9:35 | Scout Tower |
| 10:06 | Guard Tower |
| 10:08 | Castle |
| 10:09 | Advanced Lumber Harvesting |
| 10:14 | Divine Shield |
| 10:45 | Flare |
| 10:45 | Mortar Team |
| 10:48 | Farm |
| 10:50 | Scout Tower |
| 10:52 | Farm |
| 12:05 | Mortar Team |
| 12:07 | Farm |
| 12:12 | Gryphon Aviary |
| 13:04 | Arcane Vault |
| 14:29 | Imbued Masonry |
| 14:36 | Cloud |
| 14:36 | Dragonhawk Rider |
| 14:36 | Dragonhawk Rider |
| 14:57 | Holy Light |
| 15:53 | Dragonhawk Rider |
| 16:09 | Bash |
| 16:45 | Mortar Team |
| 16:45 | Mortar Team |
| 17:31 | Mortar Team |
| 22:57 | Holy Light |
| 29:46 | Avatar |
| Right click | 2973 |
| Select group | 2013 |
| Select | 302 |
| Build/train/purchase | 73 |
| Chat | 60 |
| Use ability | 37 |
| Resource trade | 34 |
| Assign group | 21 |
| Minimap ping | 20 |
| Misc. action | 5 |
| Esc | 2 |
| Item give/drop | 1 |


| Dust of Appearance | 1 | 75 |
| Boots of Speed | 1 | 250 |
| Staff of Teleportation | 1 | 150 |
| total: | 3 | 475g |
| Peasant | 17 | 1275 | / | 0 |
| Footman | 5 | 675 | / | 0 |
| Mortar Team | 5 | 900 | / | 350 |
| Flying Machine | 16 | 1600 | / | 480 |
| total: | 43 | 4450g | / | 830w |
| Scout Tower | 22 | 660 | / | 440 |
| Arcane Tower | 3 | 210 | / | 150 |
| Guard Tower | 7 | 490 | / | 350 |
| Altar of Kings | 3 | 540 | / | 150 |
| Barracks | 1 | 160 | / | 60 |
| Farm | 16 | 1280 | / | 320 |
| Lumber Mill | 1 | 120 | / | 0 |
| Town Hall | 2 | 770 | / | 410 |
| Blacksmith | 1 | 140 | / | 60 |
| Workshop | 3 | 420 | / | 420 |
| Keep | 1 | 320 | / | 210 |
| Castle | 1 | 360 | / | 210 |
| total: | 49 | 4090g | / | 1860w |
| 0:02 | Peasant |
| 0:06 | Peasant |
| 0:12 | Altar of Kings |
| 0:14 | Peasant |
| 0:19 | Barracks |
| 0:23 | Peasant |
| 0:34 | Farm |
| 0:43 | Peasant |
| 0:50 | Peasant |
| 1:07 | Peasant |
| 1:10 | Farm |
| 1:22 | Footman |
| 1:27 | Peasant |
| 1:34 | Scout Tower |
| 1:36 | Peasant |
| 1:43 | Peasant |
| 2:05 | Arcane Tower |
| 2:06 | Peasant |
| 2:11 | Farm |
| 2:11 | Farm |
| 2:26 | Storm Bolt |
| 2:32 | Peasant |
| 2:35 | Lumber Mill |
| 2:50 | Peasant |
| 2:54 | Footman |
| 3:05 | Scout Tower |
| 3:24 | Dust of Appearance |
| 3:41 | Peasant |
| 3:43 | Guard Tower |
| 4:13 | Footman |
| 4:18 | Footman |
| 4:21 | Peasant |
| 4:27 | Town Hall |
| 4:33 | Bash |
| 4:39 | Scout Tower |
| 4:42 | Scout Tower |
| 4:46 | Scout Tower |
| 4:54 | Farm |
| 4:59 | Improved Masonry |
| 5:13 | Guard Tower |
| 5:14 | Arcane Tower |
| 5:33 | Guard Tower |
| 5:35 | Scout Tower |
| 5:35 | Scout Tower |
| 6:10 | Guard Tower |
| 6:11 | Scout Tower |
| 6:12 | Scout Tower |
| 6:16 | Improved Lumber Harvesting |
| 6:43 | Guard Tower |
| 6:46 | Keep |
| 6:52 | Blacksmith |
| 6:58 | Farm |
| 7:01 | Scout Tower |
| 7:10 | Footman |
| 7:15 | Peasant |
| 7:55 | Scout Tower |
| 7:56 | Scout Tower |
| 8:08 | Scout Tower |
| 8:09 | Scout Tower |
| 8:10 | Guard Tower |
| 8:15 | Boots of Speed |
| 8:17 | Staff of Teleportation |
| 9:10 | Peasant |
| 9:11 | Advanced Lumber Harvesting |
| 9:11 | Advanced Masonry |
| 9:15 | Castle |
| 9:17 | Black Gunpowder |
| 9:18 | Workshop |
| 9:21 | Workshop |
| 9:23 | Workshop |
| 10:16 | Storm Bolt |
| 10:40 | Flak Cannons |
| 10:40 | Flare |
| 10:42 | Iron Forged Swords |
| 10:43 | Iron Plating |
| 10:44 | Refined Gunpowder |
| 10:44 | Steel Plating |
| 11:02 | Mortar Team |
| 11:05 | Guard Tower |
| 11:08 | Scout Tower |
| 11:09 | Scout Tower |
| 11:13 | Holy Light |
| 11:26 | Flying Machine |
| 12:22 | Fragmentation Shards |
| 12:22 | Flying Machine Bombs |
| 12:28 | Flying Machine |
| 12:31 | Arcane Tower |
| 15:10 | Flying Machine |
| 15:10 | Flying Machine |
| 15:11 | Flying Machine |
| 15:11 | Flying Machine |
| 15:11 | Flying Machine |
| 15:11 | Flying Machine |
| 15:11 | Flying Machine |
| 15:22 | Imbued Gunpowder |
| 15:55 | Farm |
| 15:56 | Farm |
| 15:58 | Farm |
| 15:59 | Farm |
| 16:00 | Farm |
| 17:00 | Altar of Kings |
| 17:03 | Flying Machine |
| 17:03 | Flying Machine |
| 17:03 | Flying Machine |
| 17:03 | Flying Machine |
| 17:24 | Flying Machine |
| 17:25 | Flying Machine |
| 17:25 | Flying Machine |
| 17:41 | Mithril Plating |
| 19:59 | Farm |
| 20:00 | Farm |
| 20:03 | Farm |
| 20:10 | Altar of Kings |
| 21:07 | Storm Bolt |
| 21:08 | Divine Shield |
| 25:50 | Town Hall |
| 25:52 | Scout Tower |
| 25:52 | Scout Tower |
| 25:53 | Scout Tower |
| 25:53 | Scout Tower |
| 25:54 | Scout Tower |
| 25:54 | Scout Tower |
| 26:05 | Divine Shield |
| 26:16 | Mortar Team |
| 26:17 | Mortar Team |
| 26:22 | Farm |
| 26:30 | Farm |
| 26:38 | Mortar Team |
| 26:41 | Studded Leather Armor |
| 29:37 | Avatar |
| 29:44 | Mortar Team |
| Right click | 1806 |
| Select group | 621 |
| Select | 421 |
| Misc. action | 104 |
| Build/train/purchase | 97 |
| Use ability | 47 |
| Assign group | 23 |
| Chat | 11 |
| Esc | 4 |
| Minimap ping | 2 |
| Remove unit | 1 |
97 units @ 12k
/ 1.5k
86 buildings @ 13.9k
/ 7.1k


| Healing Salve | 4 | 400 |
| Lesser Clarity Potion | 1 | 70 |
| Scroll of Speed | 1 | 50 |
| Orb of Lightning | 1 | 375 |
| Scroll of Healing | 1 | 250 |
| Scroll of Town Portal | 1 | 350 |
| Scroll of Protection | 1 | 150 |
| Potion of Invisibility | 1 | 100 |
| Boots of Speed | 1 | 250 |
| total: | 12 | 1995g |
| Peon | 8 | 600 | / | 0 |
| Grunt | 4 | 800 | / | 0 |
| Troll Headhunter | 1 | 140 | / | 20 |
| Spirit Walker | 2 | 390 | / | 70 |
| Tauren | 2 | 560 | / | 160 |
| Demolisher | 3 | 660 | / | 150 |
| Goblin Shredder | 1 | 375 | / | 100 |
| total: | 21 | 3525g | / | 500w |
| Watch Tower | 9 | 990 | / | 720 |
| Altar of Storms | 1 | 180 | / | 50 |
| Orc Burrow | 13 | 2080 | / | 520 |
| Barracks | 1 | 180 | / | 50 |
| Voodoo Lounge | 1 | 130 | / | 30 |
| War Mill | 2 | 410 | / | 0 |
| Great Hall | 2 | 770 | / | 370 |
| Tauren Totem | 2 | 270 | / | 310 |
| Beastiary | 3 | 435 | / | 420 |
| Stronghold | 2 | 630 | / | 380 |
| Fortress | 1 | 325 | / | 190 |
| total: | 34 | 5445g | / | 2470w |
| 0:02 | Peon |
| 0:05 | Altar of Storms |
| 0:13 | Peon |
| 0:16 | Orc Burrow |
| 0:44 | Barracks |
| 0:52 | Peon |
| 1:35 | Voodoo Lounge |
| 1:48 | Peon |
| 1:51 | Grunt |
| 2:08 | War Mill |
| 2:15 | Grunt |
| 2:16 | Peon |
| 2:21 | Orc Burrow |
| 2:34 | Wind Walk |
| 3:22 | Grunt |
| 3:23 | Peon |
| 3:23 | Peon |
| 3:23 | Peon |
| 4:09 | Grunt |
| 4:32 | Stronghold |
| 4:44 | Healing Salve |
| 4:44 | Lesser Clarity Potion |
| 4:44 | Scroll of Speed |
| 4:53 | Troll Headhunter |
| 4:58 | Orc Burrow |
| 5:00 | Steel Armor |
| 6:20 | Orc Burrow |
| 7:11 | Soul Burn |
| 7:18 | Tauren Totem |
| 7:19 | Fortress |
| 7:35 | Healing Salve |
| 7:35 | Healing Salve |
| 8:04 | Critical Strike |
| 8:06 | Wind Walk |
| 8:43 | Spirit Walker |
| 8:43 | Spirit Walker |
| 8:44 | Spirit Walker Adept Training |
| 8:48 | Tauren Totem |
| 9:07 | Steel Melee Weapons |
| 10:19 | Tauren |
| 10:23 | Summon Lava Spawn |
| 10:54 | Tauren |
| 10:57 | Orc Burrow |
| 11:02 | Orc Burrow |
| 11:31 | Scroll of Protection |
| 11:31 | Scroll of Healing |
| 11:31 | Potion of Invisibility |
| 12:10 | Critical Strike |
| 12:21 | Demolisher |
| 12:21 | Demolisher |
| 13:03 | Spirit Walker Master Training |
| 13:41 | Summon Lava Spawn |
| 14:50 | Orb of Lightning |
| 14:53 | Healing Salve |
| 15:02 | Demolisher |
| 15:06 | Steel Ranged Weapons |
| 16:54 | Great Hall |
| 16:56 | Great Hall |
| 18:18 | Beastiary |
| 19:05 | Watch Tower |
| 19:05 | Watch Tower |
| 19:06 | Watch Tower |
| 19:07 | Watch Tower |
| 19:08 | Watch Tower |
| 19:09 | Watch Tower |
| 19:12 | Watch Tower |
| 21:43 | Stronghold |
| 23:21 | Wind Walk |
| 23:36 | Watch Tower |
| 23:39 | Watch Tower |
| 23:51 | Scroll of Town Portal |
| 23:52 | Boots of Speed |
| 24:12 | Beastiary |
| 24:13 | Beastiary |
| 24:52 | Goblin Shredder |
| 26:19 | Orc Burrow |
| 26:21 | Orc Burrow |
| 26:24 | Orc Burrow |
| 26:30 | Orc Burrow |
| 27:16 | War Mill |
| 29:35 | Orc Burrow |
| 29:35 | Orc Burrow |
| 29:36 | Orc Burrow |
| Right click | 1051 |
| Select | 348 |
| Chat | 179 |
| Build/train/purchase | 100 |
| Use ability | 41 |
| Minimap ping | 12 |
| Misc. action | 5 |
| Esc | 2 |
| Item give/drop | 1 |
⇛
knubbequakes
(29:35) : 
| Lesser Clarity Potion | 2 | 140 |
| Orb of Venom | 1 | 325 |
| Scroll of Town Portal | 4 | 1400 |
| Potion of Lesser Invulnerability | 1 | 150 |
| Boots of Speed | 1 | 250 |
| Scroll of Speed | 1 | 50 |
| Healing Salve | 1 | 100 |
| total: | 11 | 2415g |
| Wisp | 45 | 2700 | / | 0 |
| Archer | 19 | 2470 | / | 190 |
| Huntress | 2 | 390 | / | 40 |
| Dryad | 1 | 145 | / | 60 |
| Druid of the Claw | 3 | 765 | / | 240 |
| Chimaera | 5 | 1650 | / | 350 |
| Goblin Shredder | 1 | 375 | / | 100 |
| total: | 76 | 8495g | / | 980w |
| Ancient Protector | 19 | 2565 | / | 1520 |
| Altar of Elders | 1 | 180 | / | 50 |
| Moon Well | 9 | 1620 | / | 360 |
| Ancient of War | 9 | 1350 | / | 540 |
| Ancient of Wonders | 2 | 180 | / | 60 |
| Tree of Life | 4 | 1360 | / | 740 |
| Hunter's Hall | 1 | 210 | / | 100 |
| Ancient of Lore | 2 | 310 | / | 290 |
| Chimaera Roost | 5 | 700 | / | 950 |
| Tree of Ages | 3 | 960 | / | 540 |
| Tree of Eternity | 2 | 660 | / | 400 |
| total: | 52 | 8475g | / | 4610w |
| 0:03 | Wisp |
| 0:07 | Altar of Elders |
| 0:15 | Wisp |
| 0:18 | Moon Well |
| 0:26 | Wisp |
| 0:31 | Ancient of War |
| 0:44 | Wisp |
| 0:56 | Wisp |
| 1:00 | Wisp |
| 1:14 | Wisp |
| 1:29 | Moon Well |
| 1:33 | Archer |
| 1:33 | Archer |
| 1:33 | Archer |
| 1:33 | Archer |
| 1:33 | Archer |
| 1:33 | Archer |
| 1:42 | Wisp |
| 1:46 | Ancient of Wonders |
| 2:00 | Wisp |
| 2:00 | Wisp |
| 2:09 | Force of Nature |
| 2:33 | Wisp |
| 2:33 | Wisp |
| 2:35 | Moon Well |
| 3:02 | Wisp |
| 3:02 | Wisp |
| 3:18 | Entangling Roots |
| 3:22 | Tree of Ages |
| 3:45 | Tree of Life |
| 3:58 | Hunter's Hall |
| 4:31 | Archer |
| 4:31 | Archer |
| 4:31 | Archer |
| 4:31 | Archer |
| 4:31 | Archer |
| 4:31 | Archer |
| 4:31 | Archer |
| 4:31 | Archer |
| 4:31 | Archer |
| 4:49 | Lesser Clarity Potion |
| 4:49 | Lesser Clarity Potion |
| 4:51 | Archer |
| 5:16 | Archer |
| 5:19 | Huntress |
| 5:23 | Entangling Roots |
| 5:37 | Huntress |
| 5:43 | Ancient of Lore |
| 5:44 | Ancient of Lore |
| 7:58 | Dryad |
| 8:00 | Tree of Eternity |
| 8:01 | Goblin Shredder |
| 8:06 | Strength of the Wild |
| 8:15 | Druid of the Claw Adept Training |
| 8:16 | Abolish Magic |
| 9:00 | Druid of the Claw |
| 9:20 | Reinforced Hides |
| 9:23 | Ancient Protector |
| 9:27 | Nature's Blessing |
| 9:27 | Wisp |
| 9:28 | Wisp |
| 9:28 | Wisp |
| 9:32 | Scroll of Town Portal |
| 9:35 | Druid of the Claw |
| 9:45 | Moon Well |
| 9:46 | Moon Well |
| 10:31 | Druid of the Claw Master Training |
| 10:39 | Well Spring |
| 10:50 | Improved Reinforced Hides |
| 10:51 | Ancient Protector |
| 10:56 | Druid of the Claw |
| 10:57 | Scroll of Town Portal |
| 10:58 | Orb of Venom |
| 11:09 | Mark of the Claw |
| 11:22 | Improved Strength of the Wild |
| 11:26 | Potion of Lesser Invulnerability |
| 11:34 | Tree of Life |
| 12:24 | Wisp |
| 12:24 | Wisp |
| 12:24 | Wisp |
| 12:24 | Wisp |
| 13:22 | Ancient Protector |
| 13:23 | Ancient Protector |
| 13:23 | Ancient Protector |
| 13:25 | Wisp |
| 13:25 | Wisp |
| 13:25 | Wisp |
| 13:25 | Wisp |
| 14:35 | Chimaera Roost |
| 14:35 | Chimaera Roost |
| 14:36 | Chimaera Roost |
| 14:36 | Chimaera Roost |
| 14:37 | Chimaera Roost |
| 15:41 | Wisp |
| 15:41 | Wisp |
| 15:41 | Wisp |
| 15:41 | Wisp |
| 15:42 | Wisp |
| 15:46 | Advanced Strength of the Wild |
| 15:47 | Advanced Reinforced Hides |
| 16:23 | Force of Nature |
| 16:24 | Chimaera |
| 16:56 | Moon Well |
| 16:56 | Moon Well |
| 17:04 | Ancient of Wonders |
| 17:20 | Corrosive Breath |
| 17:21 | Chimaera |
| 17:22 | Chimaera |
| 17:22 | Chimaera |
| 17:27 | Tree of Life |
| 18:07 | Chimaera |
| 19:24 | Ancient Protector |
| 19:25 | Ancient Protector |
| 19:25 | Ancient Protector |
| 19:28 | Ancient Protector |
| 19:28 | Ancient Protector |
| 19:29 | Ancient Protector |
| 19:30 | Ancient Protector |
| 19:31 | Ancient Protector |
| 19:31 | Wisp |
| 19:32 | Wisp |
| 19:32 | Wisp |
| 19:32 | Wisp |
| 19:32 | Wisp |
| 20:01 | Wisp |
| 20:01 | Wisp |
| 20:01 | Wisp |
| 20:01 | Wisp |
| 20:01 | Wisp |
| 20:10 | Entangling Roots |
| 20:47 | Scroll of Town Portal |
| 21:20 | Tree of Ages |
| 22:26 | Ancient Protector |
| 22:27 | Ancient Protector |
| 22:27 | Ancient Protector |
| 22:28 | Ancient Protector |
| 22:30 | Tree of Life |
| 22:39 | Ancient of War |
| 22:39 | Ancient of War |
| 22:40 | Ancient of War |
| 22:40 | Ancient of War |
| 22:41 | Wisp |
| 22:41 | Wisp |
| 22:41 | Wisp |
| 22:42 | Wisp |
| 22:42 | Wisp |
| 23:01 | Ancient of War |
| 23:01 | Ancient of War |
| 23:02 | Ancient of War |
| 23:03 | Ancient of War |
| 23:47 | Scroll of Town Portal |
| 23:48 | Boots of Speed |
| 24:29 | Archer |
| 24:30 | Moon Well |
| 24:31 | Moon Well |
| 24:33 | Ancient Protector |
| 24:33 | Ancient Protector |
| 25:07 | Archer |
| 25:17 | Scroll of Speed |
| 25:37 | Healing Salve |
| Right click | 1442 |
| Select group | 1407 |
| Chat | 758 |
| Select | 585 |
| Build/train/purchase | 162 |
| Minimap ping | 146 |
| Misc. action | 92 |
| Use ability | 59 |
| Assign group | 49 |
| Esc | 11 |
| Resource trade | 6 |
| Item give/drop | 4 |